[Event "Titled Tuesday Blitz January 10 Early 2023"]
[White "Manukian, Artak"]
[Black "Nogerbek, Kazybek"]
[WhiteFideId "13301373"]
[BlackFideId "13710427"]
[WhiteElo "2196"]
[BlackElo "2474"]
[Result "1/2-1/2"]
[Round "06"]
[TimeControl "180+2"]
[Date "2023.01.10"]
[WhiteClock "0:00:13"]
[BlackClock "0:00:15"]

1. e4 g6 2. d4 Nf6 3. f3 d5 4. e5 Ng8 5. c4 c6 6. Nc3 Bg7 7. Qb3 Nh6 8. cxd5 Nf5 9. Nge2 O-O 10. g4 Nh4 11. Kf2 h6 12. Kg3 g5 13. f4 cxd5 14. fxg5 hxg5 15. Bxg5 Ng6 16. Bg2 Nc6 17. Rad1 Be6 18. h4 f6 19. Bxd5 Bxd5 20. Nxd5 Kh8 21. Ndf4 Qe8 22. Nxg6+ Qxg6 23. Nf4 Qe8 24. Ne6 fxe5 25. Nxf8 Qxf8 26. Rhf1 Qd8 27. Qf7 exd4 28. Qh5+ Kg8 29. Qf7+ Kh8 30. Qh5+ Kg8 31. Qf7+ Kh7 32. Qh5+ Kg8 1/2-1/2


[Site "https://www.chess.com"]

[Event "Titled Tuesday Blitz January 10 Early 2023"]
[White "Abdilkhair, Abilmansur"]
[Black "Kukhmazov, Arsen"]
[WhiteFideId "13716417"]
[BlackFideId "24108260"]
[WhiteElo "2268"]
[BlackElo "2512"]
[Result "0-1"]
[Round "06"]
[TimeControl "180+2"]
[Date "2023.01.10"]
[WhiteClock "0:00:16"]
[BlackClock "0:00:47"]

1. d4 d5 2. c4 c6 3. Nf3 Nf6 4. Nc3 dxc4 5. a4 Bf5 6. e3 e6 7. Bxc4 Bb4 8. O-O Nbd7 9. Bd2 O-O 10. Ne2 Bxd2 11. Nxd2 a5 12. Ng3 Bg6 13. Qe2 e5 14. Nb3 exd4 15. Nxd4 Ne5 16. Rfd1 Nxc4 17. Qxc4 Qb6 18. Qb3 Qxb3 19. Nxb3 Bc2 20. Nc5 Bxd1 21. Rxd1 Rfd8 22. Rc1 Rab8 23. Nf5 Kf8 24. Nd4 Nd7 25. Ncb3 Ra8 26. Kf1 Nb6 27. Nc5 Ra7 28. Ke2 Nd7 29. Ne4 g6 30. Ng5 h6 31. Ne4 Ke7 32. f4 Nb6 33. Nc5 Nd7 34. Ne4 f5 35. Nd2 Nb6 36. N2f3 Nxa4 37. Ne5 Rd6 38. Nc4 Rd5 39. b3 Nc5 40. Nb6 Rxd4 41. exd4 Nxb3 42. Rb1 Nxd4+ 43. Kd3 Kd8 44. Kxd4 a4 45. Kc5 a3 46. Rd1+ Ke8 47. Nc4 a2 48. Ra1 Ke7 49. g3 g5 50. fxg5 hxg5 51. Kb6 Ra4 52. Ne3 f4 53. gxf4 gxf4 54. Ng4 Rb4+ 55. Ka5 Rb2 56. h4 b5 57. Kb6 b4 58. Kxc6 b3 59. Ne5 Rb1 0-1


[Site "https://www.chess.com"]

[Event "Titled Tuesday Blitz January 10 Early 2023"]
[White "Santos Ruiz, Miguel"]
[Black "Bon, Michael"]
[WhiteFideId "22291482"]
[BlackFideId "620696"]
[WhiteElo "2590"]
[BlackElo "2394"]
[Result "1-0"]
[Round "06"]
[TimeControl "180+2"]
[Date "2023.01.10"]
[WhiteClock "0:01:21"]
[BlackClock "0:00:04"]

1. c4 e5 2. Nc3 Nf6 3. Nf3 Nc6 4. e3 Bb4 5. Nd5 a5 6. Qc2 O-O 7. a3 Bc5 8. b3 d6 9. Bb2 Nxd5 10. cxd5 Ne7 11. Nxe5 Nxd5 12. Nf3 Re8 13. Bd3 h6 14. Bc4 Nf4 15. O-O Ne6 16. d4 Bb6 17. d5 Ng5 18. Nd4 Qf6 19. Ne6 Qxb2 20. Qxb2 fxe6 21. dxe6 c6 22. e4 Nxe4 23. Rae1 d5 24. Rxe4 dxe4 25. e7+ Kh8 26. Qe5 Bd7 27. Bf7 a4 28. b4 c5 29. bxc5 Ba5 30. Bxe8 Rxe8 31. Rd1 Bc6 32. Rd6 Kg8 33. Qe6+ Kh8 34. Rxc6 bxc6 35. Qf7 1-0


[Site "https://www.chess.com"]

[Event "Titled Tuesday Blitz January 10 Early 2023"]
[White "Salman, Pavel"]
[Black "Ilkhomi, Jaloliddin"]
[WhiteFideId "24153753"]
[BlackFideId "14700948"]
[WhiteElo "2287"]
[BlackElo "1997"]
[Result "1-0"]
[Round "06"]
[TimeControl "180+2"]
[Date "2023.01.10"]
[WhiteClock "0:00:14"]
[BlackClock "0:00:16"]

1. Nf3 Nf6 2. g3 d5 3. Bg2 c6 4. O-O Bg4 5. d3 Nbd7 6. h3 Bxf3 7. Bxf3 e5 8. e4 dxe4 9. dxe4 Bc5 10. Nd2 O-O 11. Nb3 Bb6 12. a4 Qe7 13. a5 Bc7 14. Bd2 Rad8 15. Qe2 Qe6 16. Bg2 b6 17. Bc3 Rfe8 18. Rfd1 c5 19. Nd2 Nb8 20. Nf1 Nc6 21. Ne3 Nd4 22. Bxd4 exd4 23. axb6 axb6 24. Nc4 b5 25. Nd2 c4 26. Re1 Qb6 27. Kh1 d3 28. cxd3 Rxd3 29. Nf1 h6 30. Red1 Red8 31. Rxd3 Rxd3 32. e5 Ne8 33. Ra8 Rd8 34. Rxd8 Bxd8 35. Ne3 Nc7 36. Nd5 Nxd5 37. Bxd5 Qd4 38. Qf3 Qa7 39. e6 fxe6 40. Bxe6+ Kh7 41. Qf5+ g6 42. Qf8 Qg7 43. Qxd8 h5 44. Qd2 Qf6 45. Bd5 Qe5 46. Kg2 b4 47. Bf3 c3 48. bxc3 bxc3 49. Qd7+ Kh6 50. Qc8 Kh7 51. Qb7+ Kh6 52. Qc6 Kh7 53. Be4 Qg7 54. h4 Kh6 55. Qc4 Kh7 56. Qd3 Qf7 57. Bf3 Qf6 58. Bxh5 Kh6 59. Bf3 Kg7 60. Qc2 Kh6 61. Be4 Qd4 62. Qe2 Kg7 63. Qg4 Qd6 64. Bc2 Qc6+ 65. Qe4 Qd6 66. h5 gxh5 67. Qh7+ Kf6 68. Qh6+ Ke7 69. Qxd6+ Kxd6 70. Kh3 Ke5 71. Kh4 Kd4 72. Kxh5 Kc4 73. g4 Kb4 74. g5 Ka3 75. g6 Kb2 76. Bf5 Kc1 77. g7 Kd2 78. g8=Q c2 79. Bxc2 Ke2 80. Qe6+ Kf1 81. Bd3+ Kg2 82. Qg4+ Kh2 83. Qg3+ Kh1 84. Be4# 1-0


[Site "https://www.chess.com"]

[Event "Titled Tuesday Blitz January 10 Early 2023"]
[White "Sanchez, Robert"]
[Black "Tillyaev, Ulugbek"]
[WhiteFideId "2034360"]
[BlackFideId "14202441"]
[WhiteElo "1966"]
[BlackElo "2287"]
[Result "0-1"]
[Round "06"]
[TimeControl "180+2"]
[Date "2023.01.10"]
[WhiteClock "0:00:14"]
[BlackClock "0:00:59"]

1. e4 c5 2. Nf3 Nc6 3. d4 cxd4 4. Nxd4 g6 5. c4 Bg7 6. Nc2 Nf6 7. Nc3 O-O 8. Be2 Qa5 9. O-O d6 10. f3 a6 11. Kh1 Be6 12. Nd5 Rfc8 13. Bd2 Qd8 14. Be3 Bxd5 15. cxd5 Ne5 16. Na3 h5 17. Qb3 b5 18. Rac1 h4 19. f4 Neg4 20. Bd4 Rxc1 21. Rxc1 Nxe4 22. Bxg7 Ngf2+ 23. Kg1 Kxg7 24. Qe3 f5 25. Rf1 Rc8 26. Rxf2 Nxf2 27. Kxf2 Rc5 28. Bf3 Qc7 29. b3 Rc3 30. Qd4+ Kh7 31. Be2 Qc5 32. Qxc5 dxc5 33. Ke1 Rc1+ 34. Kd2 Ra1 35. Nc2 Rxa2 36. Kc1 Kg7 37. Kb1 Ra5 38. Kb2 Kf6 39. Ne1 c4 40. Nf3 cxb3 41. Kxb3 Ra4 42. g3 hxg3 43. hxg3 Re4 44. Bd1 a5 45. Kc3 a4 46. Kd3 Rb4 47. Kc3 Rc4+ 48. Kd3 Rc1 49. Bc2 a3 50. Nd2 0-1


[Site "https://www.chess.com"]

[Event "Titled Tuesday Blitz January 10 Early 2023"]
[White "Leiva, Gianmarco"]
[Black "Flynn, Jacob"]
[WhiteFideId "3804399"]
[BlackFideId "2509393"]
[WhiteElo "2392"]
[BlackElo "2102"]
[Result "0-1"]
[Round "06"]
[TimeControl "180+2"]
[Date "2023.01.10"]
[WhiteClock "0:00:02"]
[BlackClock "0:00:03"]

1. e4 e5 2. Nf3 Nc6 3. Bb5 a6 4. Ba4 Nf6 5. O-O Be7 6. Re1 b5 7. Bb3 O-O 8. c3 d5 9. d3 dxe4 10. dxe4 Bg4 11. Nbd2 Bd6 12. h3 Bh5 13. Nf1 h6 14. Ng3 Bg6 15. Nh4 Bh7 16. Nhf5 Bc5 17. Qf3 Nd7 18. Nxg7 Kxg7 19. Nh5+ Kh8 20. Bxh6 Rg8 21. Rad1 Rg6 22. Qxf7 Qe7 23. Bg7+ Rxg7 24. Qxg7+ Qxg7 25. Nxg7 Nf6 26. Ne6 Bd6 27. Ng5 Bg6 28. Nf7+ Bxf7 29. Bxf7 Kg7 30. Be6 Re8 31. Bf5 Ne7 32. g3 Rb8 33. Kg2 a5 34. h4 Nxf5 35. exf5 e4 36. Kh3 b4 37. c4 b3 38. a3 Be5 39. Re2 Rb6 40. f3 Rc6 41. Rc1 e3 42. g4 a4 43. Rce1 Rxc4 44. Rxe3 Bxb2 45. Re7+ Kf8 46. g5 Bc3 47. gxf6 Bxe1 48. Rxe1 Rc2 49. Re4 Ra2 50. Rxa4 c5 51. Ra7 c4 52. Kg4 c3 53. Kg5 Rg2+ 54. Kh6 c2 55. Rg7 c1=Q+ 56. Kh7 Rxg7+ 57. fxg7+ Ke7 58. g8=Q b2 59. Qg7+ Kd6 60. Qd4+ Kc6 61. Qe4+ Kb6 62. Qe6+ Ka5 63. Qe5+ Ka4 64. Qe8+ Kb3 65. Qe6+ Kc2 66. Qc4+ Kb1 67. Qe4+ Ka1 68. f6 b1=Q 69. f7 Qc7 0-1


[Site "https://www.chess.com"]

[Event "Titled Tuesday Blitz January 10 Early 2023"]
[White "Barria Zuniga, Daniel"]
[Black "Luukkonen, Tommi"]
[WhiteFideId "3400816"]
[BlackFideId "501808"]
[WhiteElo "2341"]
[BlackElo "2292"]
[Result "1-0"]
[Round "06"]
[TimeControl "180+2"]
[Date "2023.01.10"]
[WhiteClock "0:00:10"]
[BlackClock "0:00:01"]

1. d4 d5 2. c4 e6 3. Nf3 c6 4. Nc3 Nf6 5. Bg5 h6 6. Bxf6 Qxf6 7. e3 Nd7 8. Qc2 g6 9. O-O-O Bg7 10. Kb1 O-O 11. h4 dxc4 12. Bxc4 b5 13. Be2 Bb7 14. g4 Qe7 15. g5 h5 16. e4 b4 17. Na4 c5 18. d5 exd5 19. exd5 Qd6 20. Nd2 Nb6 21. Ne4 Qe5 22. Naxc5 Bxd5 23. f4 Qe7 24. Ba6 Rad8 25. Rhe1 Qc7 26. f5 Bxe4 27. Nxe4 Qxc2+ 28. Kxc2 gxf5 29. Ng3 Na4 30. Nxf5 Bxb2 31. Rxd8 Rxd8 32. Bc4 Nb6 33. Bb3 Bc3 34. Re7 Rd2+ 35. Kc1 Kf8 36. Rxf7+ Ke8 37. g6 Rg2 38. g7 Nd7 39. Rxd7 Kxd7 40. g8=Q Rxg8 41. Bxg8 Bf6 42. Bf7 a5 43. Bxh5 Ke6 44. Bg4 Ke5 45. Kc2 a4 46. h5 Kf4 47. Bh3 Kg5 48. h6 Kg6 49. Bg4 Be5 50. Kb1 Bf6 51. Bh3 Be5 52. Ne3 Bc3 53. Ng4 Bd2 54. Bf1 Bf4 55. Be2 Bd2 56. Bd1 a3 57. Kc2 Bc3 58. Kb3 Kf7 59. Bc2 Kg8 60. Kc4 Kh8 61. Kb3 Be1 62. h7 Bc3 63. Ne3 Bd2 64. Nd5 Bc3 65. Nxb4 1-0


[Site "https://www.chess.com"]

[Event "Titled Tuesday Blitz January 10 Early 2023"]
[White "Donskov, Anatoly"]
[Black "Demin, Vladimir"]
[WhiteFideId "24143413"]
[BlackFideId "4167457"]
[WhiteElo "2279"]
[BlackElo "2430"]
[Result "0-1"]
[Round "06"]
[TimeControl "180+2"]
[Date "2023.01.10"]
[WhiteClock "0:00:01"]
[BlackClock "0:01:42"]

1. e4 Nf6 2. e5 Nd5 3. c4 Nb6 4. d4 d6 5. f4 dxe5 6. fxe5 Bf5 7. Nf3 e6 8. Be3 Bb4+ 9. Nc3 c5 10. a3 Bxc3+ 11. bxc3 Nc6 12. Bd3 Na5 13. Bxf5 exf5 14. d5 Naxc4 15. Bxc5 Qxd5 16. Qxd5 Nxd5 17. Rd1 Rd8 18. O-O b6 19. Bd6 Nde3 20. Rd4 Nxd6 21. exd6 Nxf1 22. Kxf1 f6 23. Nd2 Kd7 24. a4 Rhe8 25. a5 Rc8 26. axb6 axb6 27. Nc4 Rc6 0-1


[Site "https://www.chess.com"]

[Event "Titled Tuesday Blitz January 10 Early 2023"]
[White "Gonzalez, Francisco Silva"]
[Black "Djokic, Mihailo"]
[WhiteFideId "1512285"]
[BlackFideId "976440"]
[WhiteElo "2021"]
[BlackElo "2192"]
[Result "1-0"]
[Round "06"]
[TimeControl "180+2"]
[Date "2023.01.10"]
[WhiteClock "0:01:25"]
[BlackClock "0:00:43"]

1. d4 Nf6 2. c4 g6 3. Nc3 Bg7 4. e4 O-O 5. f3 d6 6. Be3 Nc6 7. Nge2 a6 8. Rc1 Rb8 9. Qd2 Bd7 10. b3 b5 11. Ng3 e5 12. d5 Nd4 13. Nce2 bxc4 14. Rxc4 Bb5 15. Rxd4 exd4 16. Nxd4 Bxf1 17. Nc6 Qe8 18. Kxf1 Ra8 19. Qa5 h5 20. h4 Kh7 21. Kf2 Qd7 22. Rc1 Rfe8 23. Nd4 Ng4+ 24. fxg4 Qxg4 25. Nf3 f5 26. Rxc7 f4 27. Rxg7+ Kxg7 28. Qc7+ Kh6 29. Nf5+ gxf5 30. Qxd6+ Kg7 31. Bd4+ Kg8 32. Qh6 fxe4 33. Ng5 Qxg2+ 34. Kxg2 1-0


[Site "https://www.chess.com"]

[Event "Titled Tuesday Blitz January 10 Early 2023"]
[White "Wahedi, Ahmad Siar"]
[Black "Osmak, Yuliia"]
[WhiteFideId "4651260"]
[BlackFideId "14101602"]
[WhiteElo "2274"]
[BlackElo "2440"]
[Result "1-0"]
[Round "06"]
[TimeControl "180+2"]
[Date "2023.01.10"]
[WhiteClock "0:00:57"]
[BlackClock "0:00:02"]

1. e4 c6 2. d4 d5 3. e5 Bf5 4. h4 h5 5. Bd3 Bxd3 6. Qxd3 Qa5+ 7. Nd2 e6 8. Nf3 Ne7 9. O-O Nf5 10. b3 Be7 11. c4 Qa6 12. Qc2 O-O 13. a4 Nxh4 14. Nxh4 Bxh4 15. Nf3 Be7 16. c5 b6 17. b4 bxc5 18. bxc5 Nd7 19. Be3 Rab8 20. Rfb1 g6 21. Bh6 Rxb1+ 22. Rxb1 Rb8 23. Rxb8+ Nxb8 24. Bg5 Bxg5 25. Nxg5 Qb7 26. Nxe6 fxe6 27. Qxg6+ Kf8 28. Qxe6 Nd7 29. Qh6+ Ke7 30. e6 Qb1+ 31. Kh2 Nf6 32. f3 Kxe6 33. Qg7 Qf5 34. Qc7 Qg5 35. Qxc6+ Kf7 36. Qc7+ Kg6 37. c6 Qh4+ 38. Kg1 Qxd4+ 39. Kf1 Qc4+ 40. Kf2 Qc5+ 41. Kf1 d4 42. Qd8 Qc4+ 43. Kf2 Qc2+ 44. Kg3 Qxc6 45. Qxd4 Qc7+ 46. Kf2 Qb6 47. Qxb6 axb6 48. Ke3 Kg5 49. g3 Nd7 50. Kd4 Kf5 51. Kd5 Kg5 52. Kc6 Ne5+ 53. Kxb6 Nxf3 54. a5 Ne5 55. a6 Nd7+ 56. Kc7 Nc5 57. a7 Na6+ 58. Kb6 Nb4 59. a8=Q 1-0


[Site "https://www.chess.com"]

[Event "Titled Tuesday Blitz January 10 Early 2023"]
[White "Bodnaruk, Anastasia"]
[Black "AidenRchess"]
[WhiteFideId "4181751"]
[WhiteElo "2350"]
[BlackElo "2385"]
[Result "1-0"]
[Round "06"]
[TimeControl "180+2"]
[Date "2023.01.10"]
[WhiteClock "0:00:14"]
[BlackClock "0:00:02"]

1. e4 c5 2. Nc3 d6 3. Nge2 g6 4. g3 Bg7 5. Bg2 Nc6 6. d3 e6 7. Be3 Nge7 8. Qd2 O-O 9. Bh6 Rb8 10. h4 Bxh6 11. Qxh6 Kh8 12. h5 Ng8 13. Qd2 b5 14. Nd1 Qf6 15. c3 d5 16. exd5 Ne5 17. f4 Ng4 18. d6 Rd8 19. Ne3 Nxe3 20. Qxe3 Rxd6 21. O-O-O Ra6 22. Qxc5 Rxa2 23. Qc7 Ra1+ 24. Kc2 Rxd1 25. Rxd1 Rb6 26. Qxc8 Qf5 27. Nd4 Qxh5 28. Qd7 b4 29. Bf3 Qh2+ 30. Rd2 Qxg3 31. Qxf7 b3+ 32. Kb1 Qe1+ 33. Rd1 Qe3 34. Rh1 Qxd3+ 35. Kc1 Qe3+ 36. Kd1 Qd3+ 37. Ke1 g5 38. f5 Qe3+ 39. Ne2 Qc1+ 40. Nxc1 1-0


[Site "https://www.chess.com"]

[Event "Titled Tuesday Blitz January 10 Early 2023"]
[White "Spata, German"]
[Black "Kuznecovs, Nikita"]
[WhiteFideId "113026"]
[BlackFideId "11604557"]
[WhiteElo "2383"]
[BlackElo "2287"]
[Result "1-0"]
[Round "06"]
[TimeControl "180+2"]
[Date "2023.01.10"]
[WhiteClock "0:00:26"]
[BlackClock "0:00:01"]

1. Nf3 d5 2. e3 c6 3. b3 Bf5 4. Bb2 h6 5. Be2 e6 6. O-O Nd7 7. c4 Ngf6 8. cxd5 exd5 9. d3 Bd6 10. a3 O-O 11. Nbd2 Re8 12. Re1 Nf8 13. b4 a5 14. Qb3 Ne6 15. Nd4 Bg6 16. N2f3 Ng5 17. Bf1 Qe7 18. Bc3 Ra7 19. Qb2 Nd7 20. h3 Rea8 21. Be2 Kh7 22. Nxg5+ hxg5 23. Nf3 f6 24. bxa5 Nc5 25. Qc2 Ne6 26. Bf1 Bc7 27. Bb4 Qd7 28. Rab1 Bxa5 29. Rb3 Bc7 30. Reb1 b6 31. Qb2 c5 32. Bc3 c4 33. Rb5 Rxa3 34. Rd1 Ra2 35. Qb4 R8a4 36. Qb1 Nc5 37. Ne1 R4a3 38. Bb4 Qxb5 39. Bxa3 Qxb1 40. Rxb1 cxd3 41. Bxc5 d2 42. Nd3 bxc5 43. Rd1 c4 44. Nb4 Rb2 45. Nxd5 Ba5 46. Bxc4 Rc2 47. Bb3 Rc1 48. Kf1 Bc2 49. Bxc2+ Rxc2 50. Ke2 Rc5 51. e4 f5 52. f3 fxe4 53. fxe4 Rc4 54. Kd3 Rc1 55. Ke2 Kg6 56. Ne3 Rc8 57. Nf1 Re8 58. Kd3 Rd8+ 59. Ke2 Re8 60. Kf3 Rd8 61. Ke3 Bb6+ 62. Ke2 Ba5 63. Nxd2 Kf6 64. Nf3 Rb8 65. Rd6+ Kf7 66. Rd5 Bd8 67. Nxg5+ Bxg5 68. Rxg5 Kf6 69. Rf5+ Ke6 70. Rg5 Rb2+ 71. Kf3 Kf6 72. Rf5+ Ke6 73. Ra5 Rb1 74. Ra6+ Kf7 75. h4 Rh1 76. g3 Re1 77. Kf4 Rb1 78. Ra7+ Kf6 79. e5+ Kg6 80. Ra6+ Kf7 81. h5 Rf1+ 82. Kg5 Re1 83. e6+ Kf8 84. g4 Re4 85. Kf5 Re1 86. Kg6 Rg1 87. g5 Rg2 88. Ra7 1-0


[Site "https://www.chess.com"]

[Event "Titled Tuesday Blitz January 10 Early 2023"]
[White "Karabalis, Harilos"]
[Black "Womacka, Mathias"]
[WhiteFideId "4621808"]
[BlackFideId "4611390"]
[WhiteElo "2252"]
[BlackElo "2396"]
[Result "1/2-1/2"]
[Round "06"]
[TimeControl "180+2"]
[Date "2023.01.10"]
[WhiteClock "0:00:21"]
[BlackClock "0:00:10"]

1. c4 c5 2. Nc3 Nf6 3. g3 d5 4. cxd5 Nxd5 5. Bg2 Nc7 6. d3 e5 7. Be3 Be7 8. Nf3 Nc6 9. Qc1 Ne6 10. Ne4 b6 11. O-O O-O 12. Nfd2 Rb8 13. Nxc5 Ncd4 14. Nxe6 Nxe2+ 15. Kh1 Bxe6 16. Qc2 Nd4 17. Qa4 a5 18. Ne4 b5 19. Qd1 Qd7 20. Rc1 Bxa2 21. Nc5 Bxc5 22. Rxc5 f6 23. Bxd4 Qxd4 24. Rc7 Bd5 25. Qh5 Rf7 26. Rfc1 Qxd3 27. Kg1 Rxc7 28. Bxd5+ Qxd5 29. Rxc7 Rf8 30. Qg4 Rf7 31. Rc8+ Rf8 32. Rc7 Rf7 33. Rc8+ Rf8 34. Rc7 1/2-1/2


[Site "https://www.chess.com"]

[Event "Titled Tuesday Blitz January 10 Early 2023"]
[White "Aaditya Dhingra"]
[Black "Horcajuelo Rocamora, Martin"]
[WhiteFideId "25678191"]
[BlackFideId "24573027"]
[WhiteElo "2027"]
[BlackElo "2107"]
[Result "1-0"]
[Round "06"]
[TimeControl "180+2"]
[Date "2023.01.10"]
[WhiteClock "0:00:25"]
[BlackClock "0:00:05"]

1. e4 b6 2. d4 Bb7 3. Bd3 Nf6 4. Nd2 d6 5. Ngf3 Nbd7 6. O-O e5 7. d5 Be7 8. a4 O-O 9. a5 g6 10. a6 Bc8 11. Nc4 Nc5 12. Qe2 Bxa6 13. Ncxe5 dxe5 14. Bxa6 Ncxe4 15. Bb7 Rb8 16. Bc6 a5 17. Nxe5 Bd6 18. Nd3 Nc5 19. Nxc5 Bxc5 20. Bh6 Bd6 21. Bxf8 Qxf8 22. Rfe1 Qh6 23. g3 Qh3 24. Qf3 Kg7 25. Ra4 h5 26. Rh4 Qc8 27. Rd4 Bc5 28. Rd2 Qd8 29. Rde2 Qd6 30. Kg2 Rh8 31. h4 Ng4 32. Qc3+ Qf6 33. Qxf6+ Nxf6 34. c3 Rd8 35. c4 Rd6 36. Re7 Bb4 37. R1e2 Ng4 38. Rxc7 Bc5 39. Bd7 Nf6 40. Be6 Kh6 41. Rxf7 Ng4 42. Bxg4 hxg4 43. Re6 Rd8 44. Rff6 Kg7 45. Rxg6+ Kf7 46. Rxg4 b5 47. h5 bxc4 48. Rf4+ Kg7 49. h6+ Kh7 50. Rf7+ Kh8 51. Rc6 1-0


[Site "https://www.chess.com"]

[Event "Titled Tuesday Blitz January 10 Early 2023"]
[White "Buscar, Michael"]
[Black "Ginzburg, Yakov"]
[WhiteFideId "2603616"]
[BlackFideId "4157176"]
[WhiteElo "2041"]
[BlackElo "2405"]
[Result "0-1"]
[Round "06"]
[TimeControl "180+2"]
[Date "2023.01.10"]
[WhiteClock "0:00:17"]
[BlackClock "0:02:13"]

1. Nf3 Nf6 2. b3 d5 3. Bb2 Bf5 4. Bxf6 gxf6 5. e3 e5 6. d3 Bb4+ 7. c3 Bd6 8. Be2 Rg8 9. O-O Bh3 10. Ne1 Qd7 11. Nd2 e4 12. dxe4 Bxg2 13. f4 Bxf1+ 14. Kxf1 Qh3+ 15. Kf2 Qxh2+ 16. Kf1 Rg1# 0-1


[Site "https://www.chess.com"]

[Event "Titled Tuesday Blitz January 10 Early 2023"]
[White "Arngrimsson, Dagur"]
[Black "Leve, Nitai"]
[WhiteFideId "2301288"]
[BlackFideId "2006898"]
[WhiteElo "2370"]
[BlackElo "2128"]
[Result "0-1"]
[Round "06"]
[TimeControl "180+2"]
[Date "2023.01.10"]
[WhiteClock "0:00:14"]
[BlackClock "0:00:18"]

1. e4 c6 2. d4 d5 3. Nc3 dxe4 4. Nxe4 Nf6 5. Ng5 h6 6. N5h3 Bf5 7. Bd3 Bxd3 8. Qxd3 e6 9. Nf3 Nbd7 10. Bd2 Qc7 11. O-O-O O-O-O 12. Kb1 c5 13. Bf4 Bd6 14. Bxd6 Qxd6 15. Qa3 Qb6 16. dxc5 Nxc5 17. Ne5 Rxd1+ 18. Rxd1 Nd5 19. c4 Nb4 20. Nxf7 Rf8 21. Rd6 Qc7 22. Qxb4 Rxf7 23. Rd1 g5 24. f3 b6 25. Qb5 Rd7 26. Rxd7 Nxd7 27. Nf2 Qxh2 28. Qc6+ Kd8 29. Ng4 Qg1+ 30. Kc2 Qxg2+ 31. Kc3 h5 32. Ne3 Qe2 33. Qxe6 Qxf3 34. Kc2 Qf2+ 35. Kd3 Qxb2 36. Nd5 Nc5+ 37. Ke3 Nxe6 38. c5 Qd4+ 39. Kf3 Qxd5+ 40. Ke3 Qxc5+ 41. Ke4 Qd4+ 42. Kf5 Ke7 0-1


[Site "https://www.chess.com"]

[Event "Titled Tuesday Blitz January 10 Early 2023"]
[White "Dinu, Dumitru-Daniel"]
[Black "Hirneise, Jens"]
[WhiteFideId "1208403"]
[BlackFideId "24614734"]
[WhiteElo "2203"]
[BlackElo "2277"]
[Result "1-0"]
[Round "06"]
[TimeControl "180+2"]
[Date "2023.01.10"]
[WhiteClock "0:00:09"]
[BlackClock "0:00:16"]

1. e4 c5 2. Be2 b6 3. f4 Bb7 4. d3 Nc6 5. Nf3 g6 6. O-O Bg7 7. c3 d5 8. e5 d4 9. c4 f6 10. Nbd2 Nh6 11. Ne4 O-O 12. exf6 exf6 13. Qe1 Nf5 14. Qf2 Re8 15. Bd2 Ne3 16. Bxe3 dxe3 17. Qg3 Nd4 18. Nxd4 Qxd4 19. f5 g5 20. Nd6 Re7 21. Nxb7 Rxb7 22. Qf3 Rab8 23. b3 Rd7 24. Rad1 Re8 25. Kh1 Bf8 26. Qh5 Re5 27. Bf3 Kg7 28. Rde1 Bd6 29. Be4 Rde7 30. Rf3 Rxe4 31. dxe4 Rxe4 32. Rh3 Rh4 33. Rxh4 gxh4 34. Qf3 Bf4 35. Qg4+ Bg5 36. Qf3 Qd2 37. Qf1 Qxa2 38. Ra1 e2 39. Qe1 Qd2 40. Rxa7+ Kh6 41. Ra1 Kh5 42. h3 Bf4 43. Rb1 Qd3 44. Rb2 Bg3 45. Qxe2+ Qxe2 46. Rxe2 Kg5 47. Re6 Kxf5 48. Rxb6 Bf2 49. Rb7 h5 50. b4 cxb4 51. Rxb4 Ke6 52. Rb5 f5 53. c5 Kd5 54. c6+ Kxc6 55. Rxf5 Bg3 56. Rxh5 Kd6 57. Kg1 Ke6 58. Kf1 Kf6 59. Ke2 Kg6 60. Rd5 Kf6 61. Kf3 Kg6 62. Kg4 Kf6 63. Rh5 Kg6 64. Rxh4 Bxh4 65. Kxh4 Kh6 66. Kg4 Kg6 67. h4 Kh6 68. Kf5 Kh5 69. g4+ Kxh4 70. g5 Kh5 71. Kf6 Kg4 72. g6 1-0


[Site "https://www.chess.com"]

[Event "Titled Tuesday Blitz January 10 Early 2023"]
[White "Tikhonov, Viacheslav"]
[Black "Mogirzan, Matei-Valeriu"]
[WhiteFideId "44196407"]
[BlackFideId "1257455"]
[WhiteElo "2220"]
[BlackElo "1813"]
[Result "1-0"]
[Round "06"]
[TimeControl "180+2"]
[Date "2023.01.10"]
[WhiteClock "0:01:29"]
[BlackClock "0:00:01"]

1. d4 Nf6 2. c4 g6 3. Nc3 d5 4. cxd5 Nxd5 5. e4 Nxc3 6. bxc3 Bg7 7. Nf3 c5 8. Bb5+ Nd7 9. O-O O-O 10. Bg5 cxd4 11. cxd4 Qa5 12. Bxd7 Bxd7 13. Bxe7 Rfe8 14. Bc5 b6 15. Bd6 Rxe4 16. Be5 Qd5 17. Bxg7 Kxg7 18. Re1 Rae8 19. Qd2 Bc6 20. Rxe4 Rxe4 21. h3 Qc4 22. Re1 Rxe1+ 23. Nxe1 Bd5 24. a3 a5 25. Nc2 Qa2 26. Qc3 Qb3 27. Qd2 b5 28. Ne3 a4 29. Nxd5 Qxd5 30. Qb4 Qb3 31. Qc5 b4 32. Qe5+ f6 33. Qe7+ Kh6 34. axb4 a3 35. Qf8+ Kg5 36. Qc5+ Kh6 37. Qf8+ Kh5 38. Qxf6 a2 39. g4+ Kh6 40. Qf8+ Kg5 41. Kg2 a1=Q 42. f4+ Kh4 43. Qh6# 1-0


[Site "https://www.chess.com"]

[Event "Titled Tuesday Blitz January 10 Early 2023"]
[White "Langner, Ladislav"]
[Black "Mkrtchian, Lilit"]
[WhiteFideId "300403"]
[BlackFideId "13300601"]
[WhiteElo "2368"]
[BlackElo "2389"]
[Result "0-1"]
[Round "06"]
[TimeControl "180+2"]
[Date "2023.01.10"]
[WhiteClock "0:00:01"]
[BlackClock "0:00:07"]

1. e4 e6 2. d4 d5 3. e5 c5 4. c3 Nc6 5. Nf3 Bd7 6. Be2 Nge7 7. a3 cxd4 8. cxd4 Nf5 9. Nc3 Rc8 10. O-O a6 11. g4 Nh4 12. Nxh4 Qxh4 13. Bf4 Qd8 14. Be3 Be7 15. f4 O-O 16. Qe1 f6 17. Bd3 Qb6 18. Qh4 h6 19. Qh5 Be8 20. Bg6 Qxb2 21. Rac1 Na5 22. Bxe8 Rxc3 23. Rxc3 Qxc3 24. Bf2 fxe5 25. fxe5 Nc4 26. Qg6 Kh8 27. Qxe6 Rxe8 28. Qf7 Rc8 29. Qxe7 Nd2 30. Qe6 Nxf1 31. Kxf1 Qc4+ 32. Kg2 Rf8 33. Qe7 Qc8 34. e6 Qe8 0-1


[Site "https://www.chess.com"]

[Event "Titled Tuesday Blitz January 10 Early 2023"]
[White "Martynov, Pavel"]
[Black "Degtiarev, Evgeny"]
[WhiteFideId "4101260"]
[BlackFideId "4149610"]
[WhiteElo "2414"]
[BlackElo "2385"]
[Result "1-0"]
[Round "06"]
[TimeControl "180+2"]
[Date "2023.01.10"]
[WhiteClock "0:00:07"]
[BlackClock "0:00:01"]

1. e4 e5 2. Nf3 Nc6 3. Bb5 Nf6 4. d3 Bc5 5. c3 O-O 6. Nbd2 d6 7. h3 a6 8. Ba4 b5 9. Bc2 Bb6 10. Nf1 Ne7 11. Nh4 d5 12. Ng3 dxe4 13. dxe4 Qxd1+ 14. Bxd1 Bb7 15. Bc2 Ne8 16. Nhf5 Nxf5 17. Nxf5 Nd6 18. Nxd6 cxd6 19. Be3 Bxe3 20. fxe3 d5 21. exd5 Bxd5 22. e4 Bc6 23. Rd1 f5 24. Rd6 Bxe4 25. Bxe4 fxe4 26. Ke2 Rf4 27. Rf1 Kf7 28. g3 Rxf1 29. Kxf1 Ke7 30. Rb6 Rf8+ 31. Ke2 Rf6 32. Rb7+ Kf8 33. g4 h6 34. a4 bxa4 35. Rb4 Rf3 36. Rxe4 Rxh3 37. Rxa4 Rh2+ 38. Ke3 Rxb2 39. Rxa6 Rg2 40. Kf3 Rc2 41. Rc6 Ke7 42. Ke4 Re2+ 43. Kf5 Kf7 44. Rc7+ Kf8 45. Ke6 Kg8 46. c4 Re4 47. c5 Rxg4 48. Kxe5 h5 49. Rc8+ Kh7 50. c6 Rc4 51. c7 h4 52. Kd6 g5 53. Ra8 g4 54. c8=Q Rxc8 55. Rxc8 h3 56. Ke5 g3 57. Rc3 h2 58. Rxg3 h1=Q 59. Kf4 Kh6 60. Rf3 1-0


[Site "https://www.chess.com"]

[Event "Titled Tuesday Blitz January 10 Early 2023"]
[White "Florescu, Codrut-Constantin"]
[Black "Liu, Casper"]
[WhiteFideId "1202200"]
[BlackFideId "1454153"]
[WhiteElo "2259"]
[BlackElo "2278"]
[Result "1-0"]
[Round "06"]
[TimeControl "180+2"]
[Date "2023.01.10"]
[WhiteClock "0:00:14"]
[BlackClock "0:00:32"]

1. d4 Nf6 2. c4 g6 3. Nc3 Bg7 4. e4 d6 5. f3 O-O 6. Bg5 c5 7. d5 Nbd7 8. Nh3 Qa5 9. Bd2 a6 10. a4 Qc7 11. Nf2 e6 12. Be2 Re8 13. O-O exd5 14. cxd5 Ne5 15. h3 Nh5 16. f4 Ng3 17. fxe5 Nxf1 18. exd6 Qxd6 19. Bxf1 Bd4 20. Qf3 f5 21. Bd3 Rf8 22. e5 Bxe5 23. Re1 Bd7 24. Bh6 Rfe8 25. Kf1 b5 26. axb5 axb5 27. Nxb5 Qb6 28. d6 Bxb5 29. Qd5+ Kh8 30. Rxe5 Bc6 31. Rxe8+ Rxe8 32. Qf7 Qxb2 33. Bc2 Qc3 34. Nd3 Qa1+ 35. Kf2 Qd4+ 36. Kf1 Qa1+ 37. Nc1 Qe5 38. Kg1 Qe1+ 39. Kh2 Qe5+ 40. g3 Bd5 41. Bg7+ Qxg7 42. Qxe8+ Bg8 43. d7 Qc3 44. d8=Q Qxc2+ 45. Ne2 Qa2 46. Qf6# 1-0


[Site "https://www.chess.com"]